IL
ALBUQUERQUE ISOTOPES @ GWINNETT BRAVES
07/18/2047
 
TOP OF THE 1ST
Albuquerque Isotopes batting - Pitching for Gwinnett Braves : RHP Ryan Casey
Pitching: RHP Ryan Casey
Batting: RHB Nick Cummings 0-0: Called Strike
0-1: Called Strike
0-2: Ball
1-2: Ground out 4-3 (Groundball, 4, EV 91.9 MPH)
Batting: LHB Gabe Harvey 0-0: Called Strike
0-1: SINGLE (Line Drive, 7S, EV 103.8 MPH)
Batting: SHB Jamel Wright 0-0: Called Strike
0-1: Foul Ball, location: 2F
0-2: DOUBLE (Line Drive, 7LM, EV 105.6 MPH)
Gabe Harvey to third
Batting: RHB Joe LaDue 0-0: Ball
1-0: Ball
2-0: Called Strike
2-1: Ball
3-1: Foul Ball, location: 2F
3-2: Strikes out swinging
Batting: RHB Eddie McCoy 0-0: Called Strike
0-1: Foul Ball, location: 2F
0-2: Ball
1-2: Ground out 6-3 (Groundball, 6, EV 110.0 MPH)
Top of the 1st over - 0 runs, 2 hits, 0 errors, 2 left on base; Albuquerque 0 - Gwinnett 0
BOTTOM OF THE 1ST
Gwinnett Braves batting - Pitching for Albuquerque Isotopes : RHP Juan Barroso
Pitching: RHP Juan Barroso
Batting: RHB Neal Tinoco 0-0: Ball
1-0: Ground out 1-3 (Groundball, 13S, EV 70.0 MPH)
Batting: LHB Luis Cruz 0-0: Ball
1-0: Swinging Strike
1-1: Ball
2-1: SOLO HOME RUN (Flyball, 9LD, EV 99.4 MPH), Distance : 353 ft
Batting: RHB Bill Turnbull 0-0: Foul Ball, location: 2F
0-1: Fly out, F6 (Line Drive, 6MD, EV 64.4 MPH)
Batting: RHB Jose Ramos 0-0: Ball
1-0: Fly out, F7 (Flyball, 7D, EV 92.5 MPH)
Bottom of the 1st over - 1 run, 1 hit, 0 errors, 0 left on base; Albuquerque 0 - Gwinnett 1
TOP OF THE 2ND
Albuquerque Isotopes batting - Pitching for Gwinnett Braves : RHP Ryan Casey
Batting: LHB Pablo Cardona 0-0: Called Strike
0-1: Ball
1-1: Fly out, F8 (Flyball, 8LXD, EV 88.8 MPH)
Batting: SHB Mitchell Greene 0-0: Ball
1-0: Swinging Strike
1-1: Ground out 4-3 (Groundball, 4, EV 87.5 MPH)
Batting: RHB Bobby Heagle 0-0: Ball
1-0: Ball
2-0: Foul Ball, location: 2F
2-1: Called Strike
2-2: Foul Ball, location: 2F
2-2: Strikes out swinging
Top of the 2nd over - 0 runs, 0 hits, 0 errors, 0 left on base; Albuquerque 0 - Gwinnett 1
BOTTOM OF THE 2ND
Gwinnett Braves batting - Pitching for Albuquerque Isotopes : RHP Juan Barroso
Batting: RHB Roberto Gonzalez 0-0: Ball
1-0: Ball
2-0: Ground out 6-3 (Groundball, 6, EV 90.0 MPH)
Batting: RHB Jose Garate 0-0: Ball
1-0: Ball
2-0: Called Strike
2-1: Fly out, F8 (Flyball, 8RD, EV 103.8 MPH)
Batting: RHB Jesse Lester 0-0: Ball
1-0: Ball
2-0: Ball
3-0: Foul Ball, location: 2F
3-1: Swinging Strike
3-2: Base on Balls
Batting: RHB Mike Meeker 0-0: Ball
1-0: Foul Ball, location: 2F
1-1: Ball
2-1: Ball
3-1: Called Strike
3-2: Foul Ball, location: 2F
3-2: Strikes out swinging
Bottom of the 2nd over - 0 runs, 0 hits, 0 errors, 1 left on base; Albuquerque 0 - Gwinnett 1
TOP OF THE 3RD
Albuquerque Isotopes batting - Pitching for Gwinnett Braves : RHP Ryan Casey
Batting: RHB Cameron Rattenbury 0-0: Called Strike
0-1: Ball
1-1: Called Strike
1-2: Strikes out swinging
Batting: RHB Nick Cummings 0-0: Ball
1-0: Ball
2-0: SINGLE (Groundball, 6S, EV 71.9 MPH) (infield hit)
Batting: LHB Gabe Harvey 0-0: Ball
1-0: Foul Ball, location: 2F
1-1: Ball
2-1: Foul Ball, location: 2F
2-2: Foul Ball, location: 2F
2-2: Grounds into double play, 4-6-3 (Groundball, 4, EV 92.5 MPH)
Top of the 3rd over - 0 runs, 1 hit, 0 errors, 0 left on base; Albuquerque 0 - Gwinnett 1
BOTTOM OF THE 3RD
Gwinnett Braves batting - Pitching for Albuquerque Isotopes : RHP Juan Barroso
Batting: SHB Eric Reeser 0-0: Fly out, F5 (Popup, 25, EV 94.4 MPH)
Batting: RHB Neal Tinoco 0-0: Ball
1-0: Called Strike
1-1: Ball
2-1: Ball
3-1: Foul Ball, location: 2F
3-2: Base on Balls
Batting: LHB Luis Cruz 0-0: SINGLE (Flyball, 78S, EV 96.2 MPH)
Neal Tinoco to second
Batting: RHB Bill Turnbull 0-0: Ball
1-0: Swinging Strike
1-1: Fielders Choice at 2nd, 3-6 (Groundball, 13, EV 81.2 MPH)
Neal Tinoco to third
Batting: RHB Jose Ramos 0-0: Ball
1-0: Ground out 4-3 (Groundball, 4, EV 105.0 MPH)
Bottom of the 3rd over - 0 runs, 1 hit, 0 errors, 2 left on base; Albuquerque 0 - Gwinnett 1
TOP OF THE 4TH
Albuquerque Isotopes batting - Pitching for Gwinnett Braves : RHP Ryan Casey
Batting: SHB Jamel Wright 0-0: Swinging Strike
0-1: Foul Ball, location: 2F
0-2: Strikes out looking
Batting: RHB Joe LaDue 0-0: Called Strike
0-1: Ball
1-1: Ball
2-1: Ball
3-1: Base on Balls
Batting: RHB Eddie McCoy 0-0: Ball
Joe LaDue is caught stealing 2nd base 2-4
1-0: Ball
2-0: Ball
3-0: Base on Balls
Batting: LHB Pablo Cardona 0-0: Called Strike
0-1: Ball
1-1: Swinging Strike
1-2: Foul Ball, location: 2F
1-2: Ball
2-2: Foul Ball, location: 2F
2-2: Foul Ball, location: 2F
2-2: Ball
3-2: Base on Balls
Eddie McCoy to second
Batting: SHB Mitchell Greene 0-0: Called Strike
0-1: Foul Ball, location: 2F
0-2: Ball
1-2: Foul Ball, location: 2F
1-2: Foul Ball, location: 2F
1-2: Ball
2-2: Foul Ball, location: 2F
2-2: Foul Ball, location: 2F
2-2: Fly out, F6 (Popup, 4MS, EV 73.8 MPH)
Top of the 4th over - 0 runs, 0 hits, 0 errors, 2 left on base; Albuquerque 0 - Gwinnett 1
BOTTOM OF THE 4TH
Gwinnett Braves batting - Pitching for Albuquerque Isotopes : RHP Juan Barroso
Batting: RHB Roberto Gonzalez 0-0: Foul Ball, location: 2F
0-1: Ground out 6-3 (Groundball, 6MS, EV 69.4 MPH)
Batting: RHB Jose Garate 0-0: Ball
1-0: Called Strike
1-1: Ball
2-1: Ball
3-1: Foul Ball, location: 2F
3-2: Base on Balls
Batting: RHB Jesse Lester 0-0: Ball
1-0: Ball
Wild Pitch!
Jose Garate to second
2-0: Ball
3-0: Called Strike
3-1: Base on Balls
Batting: RHB Mike Meeker 0-0: Foul Ball, location: 2F
0-1: Foul Ball, location: 2F
0-2: Ball
1-2: SINGLE (Groundball, 56D, EV 105.0 MPH)
Jose Garate to third
Jesse Lester to second
Batting: SHB Eric Reeser 0-0: Ball
1-0: Swinging Strike
1-1: Ball
2-1: Called Strike
2-2: Ball
3-2: Foul Ball, location: 2F
3-2: Foul Ball, location: 2F
3-2: SINGLE (Line Drive, 7S, EV 100.0 MPH)
Jose Garate scores
Jesse Lester to third
Mike Meeker to second
Runner from 3rd tries for Home, throw by LF and OUT! 7-2
Batting: RHB Neal Tinoco 0-0: Called Strike
0-1: Ball
1-1: Fly out, F7 (Flyball, 7, EV 86.9 MPH)
Bottom of the 4th over - 1 run, 2 hits, 0 errors, 2 left on base; Albuquerque 0 - Gwinnett 2
TOP OF THE 5TH
Albuquerque Isotopes batting - Pitching for Gwinnett Braves : RHP Ryan Casey
Batting: RHB Bobby Heagle 0-0: Called Strike
0-1: Called Strike
0-2: Ball
1-2: Foul Ball, location: 2F
1-2: Ball
2-2: Strikes out swinging
Batting: RHB Cameron Rattenbury 0-0: Foul Ball, location: 2F
0-1: Foul Ball, location: 2F
0-2: Ball
1-2: Strikes out looking
Batting: RHB Nick Cummings 0-0: Ball
1-0: Foul Ball, location: 2F
1-1: Ball
2-1: Swinging Strike
2-2: Foul Ball, location: 2F
2-2: SINGLE (Groundball, 34D, EV 96.2 MPH)
Batting: LHB Gabe Harvey 0-0: Ball
Nick Cummings is caught stealing 2nd base 2-6
Top of the 5th over - 0 runs, 1 hit, 0 errors, 0 left on base; Albuquerque 0 - Gwinnett 2
BOTTOM OF THE 5TH
Gwinnett Braves batting - Pitching for Albuquerque Isotopes : RHP Juan Barroso
Batting: LHB Luis Cruz 0-0: Called Strike
0-1: Ball
1-1: Ball
2-1: Fly out, F7 (Flyball, 7, EV 75.6 MPH)
Batting: RHB Bill Turnbull 0-0: SINGLE (Groundball, 34D, EV 101.9 MPH)
Batting: RHB Jose Ramos 0-0: Called Strike
0-1: SINGLE (Line Drive, 78S, EV 106.9 MPH)
Bill Turnbull to second
Runner from 2nd tries for 3rd, SAFE, throw by LF made to third
Pitching: RHP Paulo Guincho
Batting: RHB Roberto Gonzalez 0-0: Ball
1-0: Ball
Jose Ramos is caught stealing 2nd base 2-4
2-0: Ground out 5-3 (Groundball, 56, EV 83.8 MPH)
Bottom of the 5th over - 0 runs, 2 hits, 0 errors, 1 left on base; Albuquerque 0 - Gwinnett 2
TOP OF THE 6TH
Albuquerque Isotopes batting - Pitching for Gwinnett Braves : RHP Ryan Casey
Batting: LHB Gabe Harvey 0-0: Ball
1-0: Ball
2-0: Ball
3-0: Called Strike
3-1: Base on Balls
Batting: SHB Jamel Wright 0-0: Ball
1-0: Called Strike
1-1: Swinging Strike
1-2: Ball
2-2: Foul Ball, location: 2F
2-2: Foul Ball, location: 2F
2-2: Fielders Choice at 2nd, 1-6 (Groundball, 34S, EV 70.0 MPH)
Batting: RHB Joe LaDue 0-0: Fielders Choice at 2nd, 5-4 (Groundball, 5, EV 88.1 MPH)
Batting: RHB Eddie McCoy 0-0: Ball
Joe LaDue steals 2nd base (no throw)
1-0: Called Strike
1-1: Swinging Strike
1-2: Ball
2-2: Foul Ball, location: 2F
2-2: Ball
3-2: Ground out U3 (Groundball, 34S, EV 88.8 MPH)
Top of the 6th over - 0 runs, 0 hits, 0 errors, 1 left on base; Albuquerque 0 - Gwinnett 2
BOTTOM OF THE 6TH
Gwinnett Braves batting - Pitching for Albuquerque Isotopes : RHP Paulo Guincho
Batting: RHB Jose Garate 0-0: Called Strike
0-1: Called Strike
0-2: Ball
1-2: Strikes out looking
Batting: RHB Jesse Lester 0-0: Ball
1-0: Ball
2-0: Ball
3-0: Base on Balls
Batting: RHB Mike Meeker 0-0: Ball
1-0: Called Strike
1-1: Foul Ball, location: 2F
1-2: DOUBLE (Line Drive, 78XD, EV 110.0 MPH)
Jesse Lester to third
Runner from 3rd tries for Home, SAFE, throw by CF to trailing runner, SAFE at third!
Batting: SHB Eric Reeser 0-0: Ball
1-0: Called Strike
1-1: Foul Ball, location: 2F
1-2: Ball
2-2: Foul Ball, location: 2F
2-2: Ball
3-2: Foul Ball, location: 2F
3-2: Foul Ball, location: 2F
3-2: Foul Ball, location: 2F
3-2: Strikes out swinging
Batting: RHB Neal Tinoco 0-0: Foul Ball, location: 2F
0-1: Ball
1-1: Fly out, F9 (Flyball, 9, EV 88.8 MPH)
Bottom of the 6th over - 1 run, 1 hit, 0 errors, 1 left on base; Albuquerque 0 - Gwinnett 3
TOP OF THE 7TH
Albuquerque Isotopes batting - Pitching for Gwinnett Braves : RHP Ryan Casey
Batting: LHB Pablo Cardona 0-0: Foul Ball, location: 2F
0-1: Ball
1-1: Foul Ball, location: 2F
1-2: Foul Ball, location: 2F
1-2: Ball
2-2: Foul Ball, location: 9LSF, Error on foul ball, E9
2-2: Fly out, F7 (Flyball, 78S, EV 83.1 MPH)
Pitching: RHP Dustin Deemer
Batting: SHB Mitchell Greene 0-0: Ball
1-0: Ball
2-0: Ball
3-0: Called Strike
3-1: Called Strike
3-2: Base on Balls
Batting: RHB Bobby Heagle 0-0: Foul Ball, location: 2F
0-1: Called Strike
Mitchell Greene is caught stealing 2nd base 2-4
0-2: Ball
1-2: Ball
2-2: Ball
3-2: Base on Balls
Batting: RHB Cameron Rattenbury 0-0: Foul Ball, location: 2F
0-1: Ball
1-1: Ball
Wild Pitch!
Bobby Heagle to second
2-1: Ball
3-1: Swinging Strike
3-2: Foul Ball, location: 2F
3-2: Base on Balls
Batting: RHB Nick Cummings 0-0: Ball
1-0: Foul Ball, location: 2F
1-1: Ground out 1-3 (Groundball, 13, EV 61.9 MPH)
Top of the 7th over - 0 runs, 0 hits, 1 error, 2 left on base; Albuquerque 0 - Gwinnett 3
BOTTOM OF THE 7TH
Gwinnett Braves batting - Pitching for Albuquerque Isotopes : RHP Paulo Guincho
Batting: LHB Luis Cruz 0-0: SINGLE (Groundball, 6, EV 103.1 MPH)
Batting: RHB Bill Turnbull 0-0: Ball
1-0: Called Strike
1-1: DOUBLE (Flyball, 8RXD, EV 102.5 MPH)
Luis Cruz to third
Batting: RHB Jose Ramos 0-0: Ball
1-0: Swinging Strike
1-1: Ball
2-1: Ball
3-1: Base on Balls
Batting: RHB Roberto Gonzalez 0-0: Called Strike
0-1: Called Strike
0-2: Ball
1-2: Ball
2-2: Strikes out swinging
Batting: RHB Jose Garate 0-0: Swinging Strike
0-1: Swinging Strike
0-2: Fly out, F7 (Flyball, 78M, EV 95.6 MPH)
Runner from 3rd tags up, SCORES, throw by LF
Batting: RHB Jesse Lester 0-0: Ball
Bill Turnbull steals 3rd base
1-0: Fly out, F8 (Line Drive, 8RM, EV 108.1 MPH)
Bottom of the 7th over - 1 run, 2 hits, 0 errors, 2 left on base; Albuquerque 0 - Gwinnett 4
TOP OF THE 8TH
Albuquerque Isotopes batting - Pitching for Gwinnett Braves : RHP Dustin Deemer
Pitching: RHP Larry Stegall
Batting: LHB Gabe Harvey 0-0: Ground out 4-3 (Groundball, 4, EV 83.8 MPH)
Batting: SHB Jamel Wright 0-0: Ground out 6-3 (Groundball, 6M, EV 101.2 MPH)
Batting: RHB Joe LaDue 0-0: SINGLE (Line Drive, 78M, EV 101.2 MPH)
Batting: RHB Eddie McCoy 0-0: Ball
1-0: SINGLE (Line Drive, 89S, EV 85.6 MPH)
Joe LaDue to second
Runner from 2nd tries for 3rd, SAFE, throw by RF made to third
Batting: LHB Pablo Cardona 0-0: Called Strike
0-1: Fly out, F8 (Flyball, 8LM, EV 86.9 MPH)
Top of the 8th over - 0 runs, 2 hits, 0 errors, 2 left on base; Albuquerque 0 - Gwinnett 4
BOTTOM OF THE 8TH
Gwinnett Braves batting - Pitching for Albuquerque Isotopes : RHP Paulo Guincho
Pitching: RHP Niclas Boman
Batting: RHB Mike Meeker 0-0: Foul Ball, location: 2F
0-1: Ball
1-1: Ball
2-1: Ball
3-1: Swinging Strike
3-2: Fly out, F8 (Flyball, 8LD, EV 103.1 MPH)
Batting: SHB Eric Reeser 0-0: Called Strike
0-1: Called Strike
0-2: DOUBLE (Groundball, 3L, EV 102.5 MPH)
Batting: RHB Neal Tinoco 0-0: Ground out 5-3 (Groundball, 56, EV 76.9 MPH)
Batting: LHB Luis Cruz 0-0: Called Strike
0-1: Ball
1-1: SINGLE (Groundball, 34D, EV 98.1 MPH)
Eric Reeser to third
Runner from 3rd tries for Home, SAFE, throw by RF to home
Batting: RHB Bill Turnbull 0-0: Ground out 4-3 (Groundball, 34, EV 91.9 MPH)
Bottom of the 8th over - 1 run, 2 hits, 0 errors, 1 left on base; Albuquerque 0 - Gwinnett 5
TOP OF THE 9TH
Albuquerque Isotopes batting - Pitching for Gwinnett Braves : RHP Larry Stegall
Batting: SHB Mitchell Greene 0-0: Ball
1-0: Called Strike
1-1: Foul Ball, location: 2F
1-2: SINGLE (Line Drive, 34, EV 96.2 MPH)
Batting: RHB Bobby Heagle Pickoff Throw to First - Out! 1-3
0-0: Called Strike
0-1: DOUBLE (Groundball, 5L, EV 97.5 MPH)
Batting: RHB Cameron Rattenbury 0-0: Ball
1-0: Ball
2-0: Ball
3-0: Called Strike
3-1: Foul Ball, location: 2F
3-2: Ground out 6-3 (Groundball, 6, EV 83.8 MPH)
Bobby Heagle to third
Batting: RHB Nick Cummings 0-0: Foul Ball, location: 2F
0-1: Ball
1-1: Foul Ball, location: 2F
1-2: Strikes out swinging
Top of the 9th over - 0 runs, 2 hits, 0 errors, 1 left on base; Albuquerque 0 - Gwinnett 5
Thursday, December 15th , 2022 - OOTP Baseball 23.9 Build 102